 Dungeon Crawl Stone Soup version 0.29.0-4-gdea44cf6ec (webtiles) character file.

Game seed: 2007372351387068654

248 qw the Ruffian (level 6, -3/48 HPs)
             Began as a Ghoul Fire Elementalist on Aug 29, 2022.
             Slain by a gnoll
             ... wielding a +0 flail
             ... led by a gnoll sergeant
              (5 damage)
             ... on level 5 of the Dungeon.
             The game lasted 00:03:32 (4605 turns).

qw the Ruffian (Ghoul Fire Elementalist)            Turns: 4605, Time: 00:03:33

Health: -3/48      AC: 12    Str: 14    XL:     6   Next: 12%
Magic:  7/7        EV:  4    Int: 10    God:
Gold:   284        SH:  0    Dex:  9    Spells: 7/8 levels left

rFire   . . .      SeeInvis .     - Unarmed
rCold   + . .      Faith    .   (no shield)
rNeg    + + +      Spirit   .   i - +0 plate armour
rPois   inf        Reflect  .   l - +0 helmet
rElec   .          Harm     .   (no cloak)
rCorr   .          Rampage  .   (no gloves)
Will    .....                   b - +0 pair of boots
Stlth   ..........              d - amulet of the acrobat
HPRegen 0.00/turn               (no ring)
MPRegen 0.10/turn               (no ring)

@: inhibited regen
A: claws 1, cold resistance 1, negative energy resistance 3, inhibited
regeneration, torment resistance 2, devour on kill
a: no special abilities


You were on level 5 of the Dungeon.
You visited 1 branch of the dungeon, and saw 5 of its levels.

You collected 284 gold pieces.


Innate Abilities, Weirdness & Mutations

You are immune to poison.
You have sharp fingernails.
Your flesh is cold resistant. (rC+)
You are immune to negative energy. (rN+++)
You do not regenerate when monsters are visible.
You are immune to unholy pain and torment.
You thrive by killing the living.


   Skills:
 - Level 2.0 Fighting
 - Level 1.4 Armour
 - Level 1.7 Dodging
 - Level 2.1 Stealth
 + Level 5.4 Unarmed Combat
 - Level 1.7 Spellcasting
 - Level 0.7 Conjurations
 - Level 2.4 Fire Magic


You had 7 spell levels left.
You knew the following spells:

 Your Spells              Type           Power      Damage    Failure   Level
a - Foxfire               Conj/Fire      16%        2x1d4     100%        1

Your spell library contained the following spells:

 Spells                   Type           Power      Damage    Failure   Level
 Scorch                   Fire           10%        2d6       100%        2
 Conjure Flame            Conj/Fire      4%         6-21      100%        3
 Inner Flame              Hex/Fire       3%         N/A       100%        3
 Flame Wave               Conj/Fire      4%         2d5       100%        4

Inventory:

Armour
 b - a +0 pair of boots (worn)
 i - a +0 plate armour (worn)
 l - a +0 helmet (worn)
Jewellery
 d - an amulet of the acrobat (around neck)
Scrolls
 h - a scroll of identify
Potions
 a - a potion of attraction {unknown}
 e - 2 potions of haste
 g - a potion of mutation

Dungeon Overview and Level Annotations

Branches:
Dungeon (5/15)
 Temple: D:4-7

Altars:


Message History

You claw the gnoll sergeant!
The gnoll sergeant is moderately wounded.
The gnoll hits you but does no damage. x2
The gnoll sergeant hits you with a +0 trident of venom.
The gnoll hits you but does no damage.
You barely miss the gnoll sergeant.
The gnoll sergeant is moderately wounded.
The gnoll hits you from afar with a +0 spear.
The gnoll hits you with a +0 spear.
The gnoll sergeant hits you with a +0 trident of venom.
You scratch the gnoll sergeant.
The gnoll sergeant is moderately wounded.
The gnoll hits you but does no damage. The gnoll barely misses you.
The gnoll hits you but does no damage. The gnoll sergeant barely misses you.
An orc wizard comes into view. It is wielding a +0 dagger.
An orc comes into view. It is wielding a +0 dagger.
The gnoll barely misses you.
The orc wizard shouts!
You scratch the gnoll sergeant but do no damage.
The gnoll sergeant is moderately wounded.
The gnoll barely misses you. The gnoll hits you with a +0 spear.
The gnoll sergeant hits you but does no damage.
The gnoll hits you but does no damage. x2
You barely miss the gnoll sergeant.
The gnoll sergeant is moderately wounded.
You scratch the gnoll sergeant but do no damage.
The gnoll sergeant is moderately wounded.
An orc comes into view.
It is wielding a +2 falchion of protection.
The gnoll hits you with a +0 club.
The gnoll hits you but does no damage. x3
The gnoll sergeant hits you but does no damage.
You closely miss the gnoll sergeant.
The gnoll sergeant is moderately wounded.
The orc shouts!
The orc wizard mumbles some strange words.
The orc wizard flickers and vanishes!
Deactivating autopickup; reactivate with Ctrl-A.
The gnoll barely misses you.
The gnoll hits you from afar with a +0 spear.
The gnoll hits you with a +0 flail.
You die...

#.# #..######
###.###.##
..#######.......#
..........?..####
#.......##...#
...###...####..#
######.....## #...
..[....#$..g######...
...........g@........
####..o{..ggg........
....................
...#................
..............(.....
.......o!...........
####................
#.......#########
#.......#


You could see a gnoll sergeant, 4 gnolls and 2 orcs.

Vanquished Creatures
  A phantom (D:4)
  A hound (D:4)
  An iguana (D:4)
  2 adders
  A white imp (D:4)
  A worm (D:4)
  A dart slug (D:3)
  An orc (D:3)
  9 bats
  7 endoplasms
  7 giant cockroaches
  5 hobgoblins
  10 jackals
  3 quokkas (D:1)
  6 ball pythons
  6 frilled lizards (D:2)
  8 goblins
  6 kobolds
  8 rats
84 creatures vanquished.

Notes
Turn   | Place    | Note
-------+----------+-------------------------------------------
     0 | D:1      | qw the Ghoul Fire Elementalist began the quest for the Orb.
     0 | D:1      | Reached XP level 1. HP: 14/14 MP: 2/2
     0 | D:1      | 0 ||| qw: Version: 0.1-a-90-g952f4b7
     0 | D:1      | 0 ||| qw: Game counter: 3865
     0 | D:1      | 0 ||| qw: Always use a shield: true
     0 | D:1      | 0 ||| qw: God list: Okawaru
     0 | D:1      | 0 ||| qw: Allow faded altars: false
     0 | D:1      | 0 ||| qw: Do Orc after D:15 true
     0 | D:1      | 0 ||| qw: Do second Lair branch before Depths: true
     0 | D:1      | 0 ||| qw: Lair rune preference: random
     0 | D:1      | 0 ||| qw: Plans: Normal
     0 | D:1      | 0 ||| PLANNING D:1-11
   112 | D:1      | Reached skill level 1 in Unarmed Combat
   154 | D:1      | 154 ||| Stepping ~*~*~tactically~*~*~ (stealth).
   155 | D:1      | 155 ||| Stepping ~*~*~tactically~*~*~ (stealth).
   264 | D:1      | Reached XP level 2. HP: 20/22 MP: 3/3
   273 | D:1      | Reached skill level 1 in Fighting
   551 | D:1      | Found a faded altar of an unknown god.
   808 | D:1      | Reached skill level 2 in Unarmed Combat
   831 | D:1      | 831 ||| Stepping ~*~*~tactically~*~*~ (stealth).
   846 | D:1      | 846 ||| Stepping ~*~*~tactically~*~*~ (stealth).
   876 | D:1      | 876 ||| Stepping ~*~*~tactically~*~*~ (stealth).
   882 | D:1      | 882 ||| Stepping ~*~*~tactically~*~*~ (stealth).
   901 | D:1      | 901 ||| Stepping ~*~*~tactically~*~*~ (stealth).
   902 | D:1      | 902 ||| Stepping ~*~*~tactically~*~*~ (stealth).
   931 | D:1      | Reached XP level 3. HP: 28/28 MP: 4/4
  1354 | D:1      | 1354 ||| UPGRADING to +0 ring mail.
  1364 | D:1      | 1364 ||| DROPPING +0 robe.
  1365 | D:1      | 1365 ||| DROPPING orb of mayhem.
  1366 | D:1      | 1366 ||| READING scroll labelled BAGGUKL VURCH.
  1367 | D:1      | 1367 ||| READING scroll labelled ZIASAR HOFO.
  1368 | D:1      | 1368 ||| READING scroll labelled KITIECLI INGOY.
  1373 | D:1      | 1373 ||| DROPPING potion of magic.
  1551 | D:2      | Reached skill level 3 in Unarmed Combat
  1940 | D:2      | Reached XP level 4. HP: 32/35 MP: 5/5
  1968 | D:2      | 1968 ||| Stepping ~*~*~tactically~*~*~ (outnumbered).
  2302 | D:2      | 2302 ||| UPGRADING to +0 pair of boots.
  2307 | D:2      | 2307 ||| UPGRADING to amulet of the acrobat.
  2312 | D:2      | 2312 ||| READING scroll labelled JAKEVE PUSIOJ.
  2313 | D:2      | 2313 ||| DRINKING 2 glowing sapphire potions.
  2314 | D:2      | 2314 ||| DRINKING 2 lumpy orange potions.
  2315 | D:2      | 2315 ||| DROPPING potion of flight.
  2409 | D:3      | 2409 ||| Stepping ~*~*~tactically~*~*~ (stealth).
  2413 | D:3      | 2413 ||| Stepping ~*~*~tactically~*~*~ (stealth).
  2415 | D:3      | 2415 ||| Stepping ~*~*~tactically~*~*~ (stealth).
  2417 | D:3      | Reached skill level 4 in Unarmed Combat
  2625 | D:3      | 2625 ||| Stepping ~*~*~tactically~*~*~ (outnumbered).
  2626 | D:3      | 2626 ||| Stepping ~*~*~tactically~*~*~ (outnumbered).
  2627 | D:3      | 2627 ||| Stepping ~*~*~tactically~*~*~ (outnumbered).
  2628 | D:3      | 2628 ||| Stepping ~*~*~tactically~*~*~ (outnumbered).
  2629 | D:3      | 2629 ||| Stepping ~*~*~tactically~*~*~ (outnumbered).
  2630 | D:3      | 2630 ||| Stepping ~*~*~tactically~*~*~ (outnumbered).
  2819 | D:3      | 2819 ||| Stepping ~*~*~tactically~*~*~ (stealth).
  2820 | D:3      | 2820 ||| Stepping ~*~*~tactically~*~*~ (stealth).
  2822 | D:3      | 2822 ||| Stepping ~*~*~tactically~*~*~ (stealth).
  2830 | D:3      | 2830 ||| Stepping ~*~*~tactically~*~*~ (stealth).
  2833 | D:3      | 2833 ||| Stepping ~*~*~tactically~*~*~ (stealth).
  2943 | D:3      | 2943 ||| Stepping ~*~*~tactically~*~*~ (hiding).
  3045 | D:3      | 3045 ||| Stepping ~*~*~tactically~*~*~ (hiding).
  3458 | D:3      | 3458 ||| UPGRADING to +0 plate armour.
  3468 | D:3      | 3468 ||| DROPPING +0 ring mail.
  3469 | D:3      | 3469 ||| DRINKING 2 smoky blue potions.
  3510 | D:4      | HP: 9/36 [iguana (5)]
  3511 | D:4      | 3511 ||| DRINKING potion of heal wounds.
  3526 | D:4      | Reached skill level 1 in Armour
  3526 | D:4      | Reached XP level 5. HP: 31/41 MP: 6/6
  3903 | D:4      | Noticed a phantom
  3929 | D:4      | Killed a phantom
  3930 | D:4      | Reached skill level 5 in Unarmed Combat
  3930 | D:4      | Reached XP level 6. HP: 26/48 MP: 7/7
  4478 | D:4      | 4478 ||| UPGRADING to +0 helmet.
  4483 | D:4      | 4483 ||| READING scroll labelled DUF XI HIUCK.
  4484 | D:4      | 4484 ||| READING scroll labelled SEAMPA SOBRUOTE.
  4485 | D:4      | 4485 ||| READING scroll labelled UFFANA ILASK.
  4486 | D:4      | 4486 ||| DRINKING 2 smoky inky potions.
  4487 | D:4      | 4487 ||| DROPPING potion of lignification.
  4510 | D:5      | Entered Level 5 of the Dungeon
  4591 | D:5      | 4591 ||| Stepping ~*~*~tactically~*~*~ (outnumbered).
  4592 | D:5      | 4592 ||| Stepping ~*~*~tactically~*~*~ (outnumbered).
  4594 | D:5      | 4594 ||| Stepping ~*~*~tactically~*~*~ (outnumbered).
  4595 | D:5      | 4595 ||| Stepping ~*~*~tactically~*~*~ (outnumbered).
  4596 | D:5      | 4596 ||| Stepping ~*~*~tactically~*~*~ (outnumbered).
  4600 | D:5      | HP: 11/48 [gnoll/+0 spear[a gnoll sergeant] (4)]
  4605 | D:5      | HP: 2/48 [gnoll/+0 spear[a gnoll sergeant] (4)]
  4605 | D:5      | Slain by a gnoll

Levels and vault maps discovered:
D:1:      evilmike_arrival_plus, layout_loops_ring,
          shapermc_ecumenical_altar_rom_forum, kennysheep_small_spiral,
          serial_bayou_crossing
D:2:      layout_loops_corners, minmay_lizard_pond
D:3:      layout_basic, chequers_serial_rivers_marsh, solitary_fountain,
          grunt_ministairs_12
D:4:      layout_loops_ring, minmay_stone_trees_small
D:5:      layout_rooms, yredelemnul_forgotten_temple_becter

Skill      XL: |  1  2  3  4  5 |
---------------+----------------+-----
Unarmed Combat | 1 2 3 4 5 |  5.4
Fighting       | 1 2 |  2.0
Armour         | 1 |  1.4
Dodging        | |  1.7
Stealth        | |  2.1
Spellcasting   | |  1.7
Conjurations   | |  0.7
Fire Magic     | |  2.4

Action                   |  1- 3 |  4- 6 || total
-------------------------+-------+-------++-------
Melee: Unarmed           |   163 |   172 ||   335
       Punch             |     2 |     3 ||     5
  Use: Scroll            |     3 |     4 ||     7
       Potion            |       |     5 ||     5
Armor: Robe              |    17 |       ||    17
       Ring mail         |    33 |    21 ||    54
       Plate armour      |       |    74 ||    74
Dodge: Dodged            |    68 |    72 ||   140

Table legend:
 A = Non-vault XP
 B = Vault XP
 C = Vault XP percentage of total XP
 D = Non-vault monster count
 E = Vault monster count
 F = Vault count percentage of total count
                 A         B        C        D         E       F
            +---------+---------+-------+---------+---------+-------
      Total |     335 |      20 |   5.6 |      76 |       8 |   9.5
            +---------+---------+-------+---------+---------+-------
        D:1 |      43 |       0 |   0.0 |      27 |       0 |   0.0
        D:2 |      43 |       6 |  12.2 |      17 |       6 |  26.1
        D:3 |      31 |      14 |  31.1 |      18 |       2 |  10.0
        D:4 |     218 |       0 |   0.0 |      14 |       0 |   0.0
            +---------+---------+-------+---------+---------+-------
